 Dungeon Crawl Stone Soup version 0.26.1-11-gd32895ea62 (webtiles) character file.

Game seed: 12333784051131144108

10784 MisterFreud the Cruncher (level 11, -4/95 HPs)
             Began as a Minotaur Abyssal Knight on Apr 21, 2021.
             Was a High Priest of Lugonu.
             Shot with an arrow by a centaur warrior (12 damage)
             ... on level 10 of the Dungeon.
             The game lasted 00:15:49 (13845 turns).

MisterFreud the Cruncher (Minotaur Abyssal Knight) Turns: 13845, Time: 00:15:50

Health: -4/95      AC: 11    Str: 20    XL:     11   Next: 40%
Magic:  0/17       EV:  8    Int:  8    God:    Lugonu [*****.]
Gold:   766        SH:  0    Dex: 10    Spells: 10/10 levels left

rFire    . . .     SeeInvis .   D - +7 lajatang of Grim True Grit {vorpal, rC+ Int+3}
rCold    + + .     Faith    .   (shield currently unavailable)
rNeg     . . .     Spirit   +   r - +0 chain mail
rPois    .         Reflect  .   (helmet restricted)
rElec    .         Harm     .   (no cloak)
rCorr    .         Rampage  .   I - +0 pair of gloves
Will     .....                  (no boots)
Stlth    ..........             H - amulet of guardian spirit
HPRegen  0.25/turn              n - ring of protection from cold
MPRegen  0.15/turn              B - -4 ring of intelligence

@: no status effects
A: retaliatory headbutt, horns 2
a: Renounce Religion, Depart the Abyss, Bend Space, Banish, Corrupt, Enter the
Abyss


You were on level 10 of the Dungeon.
You worshipped Lugonu.
Lugonu was extremely pleased with you.
You visited 1 branch of the dungeon, and saw 10 of its levels.
You visited the Abyss 1 time.

You collected 766 gold pieces.

Inventory:

Hand Weapons
 a - a +1 falchion
 D - the +7 lajatang of Grim True Grit (weapon) {vorpal, rC+ Int+3}
   (You acquired it on level 6 of the Dungeon)

   It inflicts extra damage upon your enemies.
   It affects your intelligence (+3).
   It protects you from cold.
 J - the +7 fustibalus of Termination {flame, rN+}
   (You found it on level 7 of the Dungeon)

   It causes projectiles fired from it to burn those they strike, causing extra
   injury to most foes and up to half again as much damage against particularly
   susceptible opponents.
   It protects you from negative energy.
Missiles
 i - 2 throwing nets
 j - 6 javelins
 s - 5 boomerangs
Armour
 b - a +0 leather armour
 k - a +0 ring mail
 r - a +0 chain mail (worn)
 I - a +0 pair of gloves (worn)
Jewellery
 n - a ring of protection from cold (left hand)
 q - an uncursed ring of wizardry
 B - a -4 ring of intelligence (right hand)
 H - an amulet of guardian spirit (around neck)
 O - an uncursed ring of resist corrosion
Wands
 x - a wand of acid (13)
 M - a wand of polymorph (7)
Scrolls
 c - 4 scrolls of magic mapping
 d - 2 scrolls of amnesia
 g - 4 scrolls of remove curse
 h - 2 scrolls of fog
 l - 3 scrolls of teleportation
 m - 2 scrolls of blinking
 p - a scroll of holy word
 t - a scroll of enchant armour
 y - 4 scrolls of immolation
 K - a scroll of vulnerability {unknown}
 L - a scroll of fear
 N - a scroll of noise
Potions
 e - 2 potions of flight
 f - 2 potions of mutation
 u - 3 potions of curing
 v - 2 potions of ambrosia
 w - a potion of might
 z - a potion of cancellation
 A - a potion of degeneration
 C - a potion of haste
 E - a potion of magic
 F - 2 potions of resistance
 G - a potion of berserk rage


   Skills:
 + Level 8.3 Fighting
 - Level 5.5 Long Blades
 - Level 14.0 Staves
 + Level 6.4 Armour
 + Level 2.2 Dodging
 - Level 10.0 Invocations


You had 10 spell levels left.
You didn't know any spells.
Your spell library was empty.

Dungeon Overview and Level Annotations

Branches:
Dungeon (10/15)            Temple (0/1) D:7
   Lair: D:8-11         Orc: D:9-12

Altars:
Ashenzari
Hepliaklqana
Okawaru
Uskayaw
Xom
Beogh

Annotations:
D:7 2 runed translucent doors
Abyss:1 Joseph, Maggie


Innate Abilities, Weirdness & Mutations

You reflexively headbutt those who attack you in melee.
You have a pair of horns on your head.


Message History

Reactivating autopickup.
The sky beast hits you. The sky beast shocks you.
The centaur warrior shoots an arrow.
The arrow hits you!
Things that are here:
an arrow; a +3 dagger of chaos; a +0 robe You closely miss the sky beast.
Your headbutt misses the sky beast.
The centaur warrior shoots an arrow.
The arrow hits you!
* * * LOW HITPOINT WARNING * * *
The sky beast hits you but does no damage.
You slash the sky beast! Your headbutt misses the sky beast.
The sky beast is severely wounded.
The centaur warrior shoots an arrow.
The arrow hits you!
* * * LOW HITPOINT WARNING * * *
The sky beast hits you but does no damage.
You barely miss the sky beast.
The sky beast is severely wounded.
The centaur warrior shoots an arrow.
The arrow hits you.
* * * LOW HITPOINT WARNING * * *
The centaur warrior shoots an arrow.
The arrow hits you!
You die...

#........ #.......#
#### ## #.......#
#..### ..#( #..#
#.#..#
.#.####..###.#..##
................#
#.####..##..#..##
###.#.####..##..#..##
#.c..>((@.........<.#
...5....Y....##..#..##
##.#.#.####..##..#..#
# #. ............ #.
#..##....... #. #...
..#..## .. #..##.##..#
#. ..##≈ ≈≈≈≈


You could see a centaur warrior, a sky beast and a white imp.

Vanquished Creatures
  A two-headed ogre (D:9)
  A cyclops (D:9)
  Psyche (D:10)
  2 kobold demonologists (D:9)
  A troll (D:9)
  Grinder (D:6)
  Sigmund (D:3)
  A wraith (D:7)
  Eustachio (D:5)
  7 yaks
  Duvessa (D:6)
  3 black bears
  5 ice beasts
  5 orc warriors (D:9)
  2 sky beasts
  2 phantoms
  4 ogres
  5 centaurs
  3 big kobolds
  8 bullfrogs
  A gnoll sergeant (D:7)
  Dowan (D:6)
  2 scorpions
  6 killer bees
  21 wights
  4 howler monkeys
  2 bullfrog zombies
  8 orc priests
  6 hounds
  5 jellies
  A bullfrog skeleton (D:4)
  A centaur skeleton (D:5)
  Jessica (D:2)
  2 iguanas
  9 orc wizards
  10 worker ants
  A hound zombie (D:8)
  A hound skeleton (D:7)
  A worker ant zombie (D:5)
  23 gnolls
  13 adders
  4 white imps
  3 ufetubi
  An ooze (D:5)
  An adder zombie (D:5)
  An adder skeleton (D:5)
  5 dart slugs
  4 worms
  7 leopard geckos
  48 orcs
  9 giant cockroaches
  10 goblins
  8 hobgoblins
  5 jackals
  3 quokkas
  7 bats
  2 frilled lizards
  17 kobolds
  A leopard gecko skeleton (D:5)
  A quokka zombie (D:5)
  8 rats
319 creatures vanquished.

Notes
Turn   | Place    | Note
-------+----------+-------------------------------------------
     0 | Abyss:1  | MisterFreud the Minotaur Abyssal Knight began the quest for
                  | the Orb.
     0 | Abyss:1  | Reached XP level 1. HP: 19/19 MP: 1/1
    39 | Abyss:1  | Noticed a small abomination
    40 | D:1      | Escaped the Abyss
   368 | D:1      | Reached XP level 2. HP: 26/28 MP: 2/2
   594 | D:1      | Reached * piety under Lugonu
  1178 | D:1      | Reached skill level 5 in Fighting
  1226 | D:1      | Reached XP level 3. HP: 36/36 MP: 3/3
  1749 | D:2      | Reached XP level 4. HP: 30/44 MP: 4/4
  1939 | D:2      | Reached ** piety under Lugonu
  1993 | D:2      | Noticed Jessica
  1998 | D:2      | Killed Jessica
  2536 | D:3      | Noticed Sigmund
  2666 | D:4      | Reached XP level 5. HP: 47/52 MP: 5/5
  3367 | D:4      | Noticed an ogre
  3368 | D:4      | Reached XP level 6. HP: 61/61 MP: 6/6
  3532 | D:4      | Found a hazy altar of Hepliaklqana.
  3533 | D:4      | Found a shimmering altar of Xom.
  3533 | D:4      | Noticed a yak
  3534 | D:4      | Noticed a spectral ugly thing
  4411 | D:5      | Entered Level 5 of the Dungeon
  4411 | D:5      | Noticed Eustachio
  4424 | D:5      | Found an iron altar of Okawaru.
  4437 | D:5      | Killed Eustachio
  4438 | D:5      | Reached XP level 7. HP: 61/68 MP: 8/8
  4472 | D:4      | Reached skill level 5 in Armour
  4788 | D:5      | Reached *** piety under Lugonu
  4933 | D:5      | Reached skill level 5 in Invocations
  5423 | D:5      | Reached XP level 8. HP: 67/74 MP: 11/11
  6030 | D:5      | HP: 3/74 [poisoned by a worker ant]
  6037 | D:5      | HP: 2/74 [poisoned by a worker ant]
  6044 | D:5      | HP: 1/74 [poisoned by a worker ant]
  6052 | D:5      | HP: 1/74 [poisoned by a worker ant]
  6489 | D:5      | Reached **** piety under Lugonu
  7540 | D:3      | Killed Sigmund
  7745 | D:3      | Found an iron altar of Okawaru.
  7745 | D:3      | Found a hide-covered altar of Uskayaw.
  7869 | D:6      | Reached XP level 9. HP: 75/81 MP: 14/14
  8231 | D:6      | Noticed Grinder
  8242 | D:6      | Killed Grinder
  8243 | D:6      | Reached skill level 10 in Invocations
  8489 | D:6      | Noticed Dowan
  8489 | D:6      | Noticed Duvessa
  8505 | D:6      | Killed Duvessa
  8527 | D:6      | HP: 4/81 [Dowan/stone arrow (11)]
  8530 | D:6      | Killed Dowan
  9076 | D:6      | Reached skill level 5 in Long Blades
  9155 | D:6      | Identified a scroll of acquirement
  9156 | D:6      | Acquired the +7 lajatang of Grim True Grit {vorpal, rC+
                  | Int+3}
  9205 | D:7      | Reached skill level 1 in Staves
  9216 | D:7      | Found a large runed translucent door.
  9217 | D:7      | Found a large runed translucent door.
  9217 | D:7      | Noticed Joseph
  9220 | D:7      | Paralysed by Joseph for 5 turns
  9226 | D:7      | Banished Joseph
  9227 | D:7      | Reached skill level 4 in Staves
  9327 | D:7      | Found a large runed translucent door.
  9327 | D:7      | Found a large runed translucent door.
  9339 | D:7      | Noticed Maggie
  9350 | D:6      | Banished Maggie
  9351 | D:6      | Reached skill level 6 in Staves
  9683 | D:7      | Reached skill level 7 in Staves
  9788 | D:7      | Reached XP level 10. HP: 36/88 MP: 16/16
 10217 | D:7      | Reached skill level 8 in Staves
 10597 | D:7      | Found a staircase to the Ecumenical Temple.
 10958 | D:7      | Reached skill level 9 in Staves
 11109 | D:7      | Got a steaming fustibalus
 11288 | D:8      | Reached skill level 10 in Staves
 12259 | D:9      | Reached skill level 11 in Staves
 12440 | D:9      | Found a broken altar of Ashenzari.
 12587 | D:9      | Noticed a cyclops
 12592 | D:9      | Killed a cyclops
 12599 | D:9      | Reached skill level 12 in Staves
 12629 | D:9      | Reached ***** piety under Lugonu
 12783 | D:9      | Noticed a two-headed ogre
 12796 | D:8      | Identified the +7 fustibalus of Termination {flame, rN+}
                  | (You found it on level 7 of the Dungeon)
 12975 | D:9      | Killed a two-headed ogre
 12976 | D:9      | Reached XP level 11. HP: 90/94 MP: 15/17
 12987 | D:9      | Reached skill level 13 in Staves
 13034 | D:9      | Noticed a soul eater
 13035 | D:9      | Noticed a sun demon
 13182 | D:9      | Found a broken altar of Ashenzari.
 13251 | D:9      | Found a roughly hewn altar of Beogh.
 13380 | D:9      | Reached skill level 14 in Staves
 13810 | D:10     | Entered Level 10 of the Dungeon
 13832 | D:10     | Noticed Psyche
 13838 | D:10     | Killed Psyche
 13838 | D:10     | Noticed a centaur warrior
 13845 | D:10     | Shot with an arrow by a centaur warrior

Illustrated notes

Levels and vault maps discovered:
D:1:      dpeg_arrival_windows_large_door, layout_loops_corners,
          roderic_lattice_a, minmay_pentomino_v4
D:2:      layout_loops_cross, uniq_jessica
D:3:      layout_loops_cross, gammafunk_temple_overflow_elements, uniq_sigmund
D:4:      layout_basic, regret_index_temple_of_mockery,
          kennysheep_generic_room_16
D:5:      kennysheep_windowed_halls, layout_loops_ring, okawaru_trees_1,
          uniq_eustachio
D:6:      layout_loops_cross, uniq_duvessa, uniq_grinder
D:7:      layout_cave_pods, minmay_temple_entry_fiery,
          minmay_hollow_rounded_squares, uniq_joseph, uniq_maggie
D:8:      layout_cave_pods
D:9:      minmay_distorted_concentric_squares, layout_loops_ring, basic_altar,
          special_room [special_room_orc], cheibrodos_ashenzari_chains
D:10:     layout_basic, serial_corexii_hall, chequers_hall_statues_y,
          corexii_hall_statues_deadend, corexii_hall_statues_l,
          corexii_hall_statues_s, chequers_hall_statues_corner_a,
          chequers_hall_statues_y, minmay_misc_feat_rows, uniq_psyche

Skill      XL: |  1  2  3  4  5  6  7  8  9 10 11 |
---------------+----------------------------------+-----
Fighting       | 4 5 6 7 8 |  8.3
Invocations    | 2 3 5 9 10 | 10.0
Armour         | 4 6 |  6.4
Long Blades    | 5 |  5.5
Staves         | 7 12 14 | 14.0
Dodging        | 2 |  2.2

Action                   |  1- 3 |  4- 6 |  7- 9 | 10-12 || total
-------------------------+-------+-------+-------+-------++-------
Melee: Falchion          |    98 |   118 |   349 |       ||   565
       Headbutt          |    14 |    17 |    72 |    41 ||   144
       Lajatang          |       |       |    18 |   337 ||   355
Throw: Boomerang         |       |       |     1 |       ||     1
Invok: Depart the Abyss  |     1 |       |       |       ||     1
       Banish            |       |       |     3 |       ||     3
  Use: Scroll            |       |       |    10 |    15 ||    25
       Potion            |       |       |     1 |       ||     1
Armor: Leather armour    |    17 |       |       |       ||    17
       Ring mail         |    26 |    33 |       |       ||    59
       Chain mail        |       |    22 |   246 |   137 ||   405
Dodge: Dodged            |    67 |    80 |   176 |   116 ||   439
       Rpst.: Falchion   |    12 |    14 |    40 |       ||    66
